 Dungeon Crawl Stone Soup version 0.29-a0-857-g9b1aa3ac5b (webtiles) character file.

Game seed: 6953947377885428524

60 nxtlvl the Cutter (level 3, -3/22 HPs)
             Began as a Deep Elf Monk on July 17, 2022.
             Slain by a goblin
             ... wielding a +0 club
             ... led by Robin
              (4 damage)
             ... on level 2 of the Dungeon.
             The game lasted 00:05:00 (898 turns).

nxtlvl the Cutter (Deep Elf Monk)                    Turns: 898, Time: 00:05:00

Health: -3/22      AC:  9    Str:  8    XL:     3   Next: 80%
Magic:  5/5        EV: 10    Int: 16    God:
Gold:   49         SH:  6    Dex: 17    Spells: 2/2 levels left

rFire   . . .      SeeInvis .   a - +0 short sword
rCold   + . .      Faith    .   o - +2 buckler
rNeg    . . .      Spirit   .   g - +1 ring mail {rC+}
rPois   .          Reflect  .   (no helmet)
rElec   .          Harm     .   n - +0 cloak
rCorr   .          Rampage  .   (no gloves)
Will    .....                   d - +1 pair of boots
Stlth   ++........              (no amulet)
HPRegen 0.07/turn               e - ring of wizardry
MPRegen 0.09/turn               (no ring)

@: no status effects
A: no striking features
a: no special abilities


You were on level 2 of the Dungeon.
You visited 1 branch of the dungeon, and saw 3 of its levels.

You collected 49 gold pieces.

Inventory:

Hand Weapons
 a - a +0 short sword (weapon)
Missiles
 l - 13 stones (quivered)
Armour
 b - a +0 robe
 d - a +1 pair of boots (worn)
 g - a +1 ring mail of cold resistance (worn)
 n - a +0 cloak (worn)
 o - a +2 buckler (worn)
Jewellery
 e - a ring of wizardry (left hand)
Scrolls
 h - a scroll of teleportation {unknown}
 i - a scroll of poison {unknown}
 m - a scroll of immolation {unknown}
 q - a scroll of torment {unknown}
Potions
 c - a potion of ambrosia
 f - 2 potions of brilliance {unknown}
 j - 2 potions of curing {unknown}
 k - a potion of mutation {unknown}
 p - 2 potions of attraction {unknown}


   Skills:
 - Level 2.4 Fighting
 * Level 4.8 Short Blades
 - Level 3.6 Dodging
 - Level 2.4 Stealth


You had 2 spell levels left.
You didn't know any spells.
Your spell library contained the following spells:

 Spells                   Type           Power      Damage    Failure   Level
 Dazzling Flash           Conj/Hex       0%         N/A       75%         3
 Summon Guardian Golem    Hex/Summ       0%         N/A       75%         3
 Iskenderun's Mystic Bla  Conj/Tloc      0%         2d3       98%         4
 Starburst                Conj/Fire      0%         6d3       100%        6
 Orb of Destruction       Conj           0%         9d5       100%        7
 Spellforged Servitor     Conj/Summ      0%         N/A       100%        7


Dungeon Overview and Level Annotations

Branches:
Dungeon (3/15)

Altars:

Annotations:
D:2 Terence


Message History

You barely miss Robin.
Robin is severely wounded.
Robin closely misses you. The goblin hits you but does no damage.
The goblin barely misses you. The goblin misses you.
You hit Robin.
You kill Robin!
The goblin closely misses you. You block the goblin's attack.
The goblin hits you with a +0 dagger.
* * * LOW HITPOINT WARNING * * *
The goblin attacks as you move away! The goblin barely misses you.
A goblin comes into view. It is wielding a +0 club.
Things that are here:
a +0 mace; a +0 animal skin; a +0 helmet The goblin attacks as you move away!
You block the goblin's attack. 3 goblins come into view.
The goblin shouts! x2
The goblin moves out of view.
The goblin attacks as you move away! The goblin hits you but does no damage.
You block the goblin's attack. The goblin hits you with a +0 dagger.
* * * LOW HITPOINT WARNING * * *
You hit the goblin.
The goblin is moderately wounded.
The goblin hits you but does no damage. You block the goblin's attack.
The goblin hits you with a +0 club.
* * * LOW HITPOINT WARNING * * *
You hit the goblin.
You kill the goblin!
The goblin hits you with a +0 club.
* * * LOW HITPOINT WARNING * * *
The goblin barely misses you.
You hit the goblin but do no damage. You closely miss the goblin.
The goblin no longer looks unusually strong.
The goblin hits you but does no damage. The goblin closely misses you.
The goblin hits you but does no damage.
You hit the goblin.
The goblin is severely wounded.
The goblin no longer looks unusually strong.
The goblin hits you with a +0 club.
You die...

##.#.#####
.....gg@g#
##.#.###g#
#g#
#.###g###.#
#...†g...!#
#####.#####
#.# ##.#
#..#


You could see 7 goblins.

Vanquished Creatures
  Robin (D:2)
  2 dart slugs
  5 orcs (D:3)
  3 endoplasms (D:1)
  5 giant cockroaches
  5 goblins
  3 hobgoblins
  3 jackals (D:1)
  3 ball pythons (D:1)
  2 bats
  A frilled lizard (D:3)
  4 rats
37 creatures vanquished.

Vanquished Creatures (others)
  A fungus (D:2)
  A plant (D:2)
2 creatures vanquished.

Grand Total: 39 creatures vanquished

Notes
Turn   | Place    | Note
-------+----------+-------------------------------------------
     0 | D:1      | nxtlvl the Deep Elf Monk began the quest for the Orb.
     0 | D:1      | Reached XP level 1. HP: 13/13 MP: 3/3
   313 | D:3      | Reached XP level 2. HP: 15/18 MP: 4/4
   441 | D:2      | Reached skill level 4 in Short Blades
   512 | D:2      | Noticed Terence
   567 | D:1      | Reached XP level 3. HP: 15/22 MP: 5/5
   873 | D:2      | Noticed Robin
   890 | D:2      | Killed Robin
   895 | D:2      | HP: 1/22 [goblin/+0 club[Robin] (2)]
   898 | D:2      | Slain by a goblin

Illustrated notes

Levels and vault maps discovered:
D:1:      dpeg_arrival_radiant, layout_basic
D:2:      layout_loops_corners, shapermc_ecumenical_altar_ellora,
          minmay_tetromino_t4, uniq_robin, uniq_terence
D:3:      layout_loops_ring, ebering_ghost_rock_garden

Skill      XL: |  1  2 |
---------------+-------+-----
Short Blades   | 4 |  4.8
Fighting       | |  2.4
Dodging        | |  3.6
Stealth        | |  2.4

Action                   || total
-------------------------++-------
Melee: Short sword       ||   158
 Stab: Sleeping          ||     3
Armor: Ring mail         ||    54
Dodge: Dodged            ||    69
Block: Buckler           ||    21

Table legend: (Time is in decaauts)
 A = Elapsed time spent in this place.
 B = Non-inter-level travel time spent in this place.
 C = Inter-level travel time spent in this place.
 D = Time resting spent in this place.
 E = Time spent auto-exploring this place.
 F = Levels seen in this place.
 G = Mean time per level.
                   A        B        C        D        E       F      G
               +--------+--------+--------+--------+--------+-----+--------+
         Total |    884 |    849 |     35 |      0 |    126 |   3 |  294.7 |
       Dungeon |    884 |    849 |     35 |      0 |    126 |   3 |  294.7 |
               +--------+--------+--------+--------+--------+-----+--------+

Top non-repeatable levels by time:
     D:1: 323 daAuts
     D:2: 297 daAuts
     D:3: 263 daAuts
